 Dungeon Crawl Stone Soup version 0.21-a0-529-g8c7b3f5d53 (console) character file.

9 Harunobu the Sneak (level 2, -2/13 HPs)
             Began as a Spriggan Enchanter on Dec 11, 2017.
             Slain by a jackal (3 damage)
             ... on level 1 of the Dungeon.
             The game lasted 00:01:28 (327 turns).

Harunobu the Sneak (Spriggan Enchanter)              Turns: 327, Time: 00:01:29

Health: -2/13      AC:  2    Str:  4    XL:     2   Next: 3%
Magic:  6/6        EV: 18    Int: 16    God:
Gold:   0          SH:  0    Dex: 16    Spells: 5/6 levels left

rFire    . . .     SeeInvis +   a - +1 dagger
rCold    . . .     Gourm    .   (shield restricted)
rNeg     . . .     Faith    .   b - +0 robe
rPois    .         Spirit   .   (helmet restricted)
rElec    .         Reflect  .   (no cloak)
rCorr    .         Harm     .   (gloves unavailable)
MR       .....                  (boots unavailable)
Stlth    +++.......             (no amulet)
HPRegen  0.04/turn              (no ring)
MPRegen  0.10/turn              (no ring)

@: very quick
A: very small, unfitting armour, see invisible, herbivore 3, speed 3, slow
metabolism 2
a: no special abilities


You were on level 1 of the Dungeon.
You were not hungry.

You visited 1 branch of the dungeon, and saw 2 of its levels.

Inventory:

Hand Weapons
 a - a +1 dagger (weapon)
Armour
 b - a +0 robe (worn)
Scrolls
 e - a scroll of amnesia {unknown}
Books
 c - a book of Maledictions

   Spells                             Type                      Level
   a - Corona                         Hexes                        1
   b - Ensorcelled Hibernation        Hexes/Ice                    2
   c - Confuse                        Hexes                        3
   d - Tukima's Dance                 Hexes                        3
   e - Dazzling Spray                 Conjuration/Hexes            3
Comestibles
 d - a bread ration


   Skills:
 - Level 1.1 Short Blades
 - Level 3.0 Dodging
 + Level 5.4 Stealth
 - Level 2.6 Spellcasting
 - Level 3.6 Hexes


You had 5 spell levels left.
You knew the following spells:

 Your Spells              Type           Power        Failure   Level  Hunger
a - Corona                Hex            ##.....      4%          1    #......


Dungeon Overview and Level Annotations

Branches:
Dungeon (2/15)

Altars:


Innate Abilities, Weirdness & Mutations

You are very small and have problems with some larger weapons.
You are too small for most types of armour.
You have supernaturally acute eyesight. (SInv)
You are a herbivore.
You cover ground extremely quickly.
You need consume almost no food.


Message History

Found a murky brown potion and a scroll labeled KUADEUCWENAY.
You barely miss the adder. The jackal bites you.
The adder completely misses you. The jackal barely misses you.
You hit the adder but do no damage. The adder closely misses you.
The jackal bites you.
* * * LOW HITPOINT WARNING * * *
Unknown command.
The adder closely misses you. The jackal barely misses you.
There is a stone staircase leading up here.
The jackal closely misses you.
You climb upwards.
The jackal misses you. The jackal completely misses you.
There is a stone staircase leading down here.
You hit the jackal but do no damage. The jackal completely misses you.
The jackal barely misses you. The jackal closely misses you.
The jackal barely misses you.
You hit the jackal but do no damage. The jackal bites you.
* * * LOW HITPOINT WARNING * * *
The jackal bites you.
You die... ♣♣P ♣PP

♣P ♣♣.. .P ♣... P♣
♣..♣.♣ ♣..)
♣Ph♣#######
#@h......# #####
#########.###...#
..............#.###
####............h.
#.........###.####
#.##..[...# #.#
####.#...## #.#
#.+..##### #.#
#.#..# #.####


You could see 2 jackals.

Vanquished Creatures
  A dart slug (D:1)
  4 jackals
  A rat (D:1)
6 creatures vanquished.

Notes
Turn   | Place    | Note
-------+----------+-------------------------------------------
     0 | D:1      | Harunobu the Spriggan Enchanter began the quest for the Orb.
     0 | D:1      | Reached XP level 1. HP: 9/9 MP: 5/5
   151 | D:1      | Reached skill level 5 in Stealth
   304 | D:2      | Reached XP level 2. HP: 6/13 MP: 6/6
   327 | D:1      | Slain by a jackal

Vault maps used:
D:1:      minmay_arrival_three_doors, serial_forest, infiniplex_forest_corner_1,
          infiniplex_forest_pool, infiniplex_forest_clump_double,
          infiniplex_forest_end_2, infiniplex_forest_lined_2
D:2:      first_bread

Skill      XL: |  1 |
---------------+----+-----
Stealth        | 5 |  5.4
Short Blades   | |  1.1
Dodging        | |  3.0
Spellcasting   | |  2.6
Hexes          | |  3.6

Action                   || total
-------------------------++-------
Melee: Dagger            ||    27
 Cast: Corona            ||     1
 Stab: Sleeping          ||     3
Dodge: Dodged            ||    33

Table legend:
 A = Spawn XP
 B = Non-spawn XP
 C = Spawn XP percentage of total XP
 D = Spawn monster count
 E = Non-spawn monster count
 F = Spawn count percentage of total count
 G = Total turns spent on level
                    A         B        C        D         E        F      G
               +---------+---------+-------+---------+---------+-------+---------
         Total |       0 |      13 |   0.0 |       0 |       6 |   0.0 |   327
               +---------+---------+-------+---------+---------+-------+---------
           D:1 |       0 |      11 |   0.0 |       0 |       5 |   0.0 |   305
           D:2 |       0 |       2 |   0.0 |       0 |       1 |   0.0 |    22
               +---------+---------+-------+---------+---------+-------+---------
